 Dungeon Crawl Stone Soup version 0.19.1 (webtiles) character file.

47 DrHerr the Sneak (level 3, -7/28 HPs)
             Began as a Merfolk Wanderer on Dec 26, 2016.
             Engulfed by Sigmund's steam (8 damage)
             ... on level 2 of the Dungeon.
             The game lasted 00:14:17 (1950 turns).

DrHerr the Sneak (Merfolk Wanderer)                 Turns: 1950, Time: 00:14:18

Health: -7/28      AC:  3    Str: 10    XL:     3   Next: 70%
Magic:  3/3        EV: 14    Int: 15    God:
Gold:   74         SH:  0    Dex: 12    Spells: 0 memorised, 2 levels left

rFire  . . .     SeeInvis .     s - +0 short sword
rCold  . . .     Gourm    .     c - +1 robe
rNeg   . . .     Faith    .     (no shield)
rPois  .         Spirit   .     (no helmet)
rElec  .         Reflect  .     (no cloak)
rCorr  .         Harm     .     (no gloves)
MR     .....                    (boots currently unavailable)
Stlth  ++++......               (no amulet)
                                (no ring)
                                (no ring)

@: very quick
A: change form in water, swift swim, stealthy swim
a: no special abilities


You were on level 2 of the Dungeon.
You were not hungry.

You visited 1 branch of the dungeon, and saw 2 of its levels.

You collected 74 gold pieces.

Inventory:

Hand Weapons
 d - a +0 dagger
 g - a +0 dagger
 h - a +0 dagger
 l - a +0 mace
 p - a +0 dagger
 s - a +0 short sword (weapon)
 w - a cursed -3 hunting sling
Missiles
 e - 41 stones (quivered)
 k - 17 arrows
 o - 45 bolts
Armour
 c - a +1 robe (worn)
 m - a +0 robe
 u - a +0 leather armour
Scrolls
 i - a scroll of enchant armour
 j - a scroll of remove curse
Potions
 b - 3 potions of curing
 f - a potion of brilliance {unknown}


   Skills:
 + Level 2.5 Fighting
 + Level 1.4 Short Blades
 - Level 1.0 Maces & Flails
 + Level 1.2 Throwing
 + Level 1.3 Dodging
 + Level 5.2 Stealth
   Level 1.0 Shields
 - Level 1.1 Unarmed Combat


You had 2 spell levels left.
You didn't know any spells.

Dungeon Overview and Level Annotations

Branches:
Dungeon (2/15)

Altars:

Annotations:
D:2 Sigmund


Message History

Things that are here:
a club; a hobgoblin corpse Sorry, you're not good enough to have a special ability.
You feel much better. Something hits you.
You hit something but do no damage. Something hits you!
* * * LOW HITPOINT WARNING * * *
x2 Your magical contamination has completely faded away.
You hit something but do no damage. You hit something but do no damage.
You hear some strange, mumbled words.
A puff of flame appears from out of thin air!
The puff of flame hits you!
* * * LOW HITPOINT WARNING * * *
You hit something.
You are engulfed in a cloud of scalding steam.
* * * LOW HITPOINT WARNING * * *
You hear a splashing noise.
You hit something.
You are engulfed in a cloud of scalding steam.
You die...

.,,,,........................@...
*,,,,,.....##.#.#.###.###.######.
******,#......#.#.###.# #.## #@
,,,,,,,#..............# #[.# #.
****#####...♣.....P.######.#####.
,,,,.....P....≈♣P..P.............
****,,...♣...≈≈♣♣♣...............
**##+#####..P≈≈≈≈♣.....###..####.
,,....<......♣≈)@{≈♣...# ##.# #.
,,.....#..#♣♣.≈§♣§÷♣.P.# #.# #.
,,...,,#..# ♣..≈≈≈≈...## #.#* #.
**#*,**#..# #P..PP...## #..* #.
####+#*#..# #........# ##.***.
b.....*#..# ####'#..##******,,**,
......*#..# #.#.##**,,,,**,**,
......*#..# #.#.# *,,,,,,,,,*,
.b....*#..# #.#.# *,,,,,***,*,


There were no monsters in sight!

Vanquished Creatures
  An adder (D:2)
  A dart slug (D:1)
  A giant cockroach (D:2)
  4 hobgoblins
  3 jackals (D:1)
  A ball python (D:1)
  5 bats
  A frilled lizard (D:1)
  10 goblins
  3 kobolds (D:1)
  4 rats
  A plant (D:2)
35 creatures vanquished.

Notes
Turn   | Place    | Note
-------+----------+-------------------------------------------
     0 | D:1      | DrHerr the Merfolk Wanderer began the quest for the Orb.
     0 | D:1      | DrHerr set off with: 2 potions of heal wounds, 2 potions of curing, a +0 robe, a +0 dagger, a bread ration
     0 | D:1      | Reached XP level 1. HP: 16/16 MP: 1/1
    60 | D:1      | Reached XP level 2. HP: 22/22 MP: 2/2
   519 | D:1      | Reached skill level 5 in Stealth
   931 | D:1      | Reached XP level 3. HP: 26/28 MP: 3/3
  1259 | D:1      | Reached skill level 1 in Dodging
  1798 | D:2      | Reached skill level 1 in Short Blades
  1899 | D:2      | Noticed Sigmund
  1949 | D:2      | HP: 1/28 [something (2)]
  1950 | D:2      | Engulfed by Sigmund's steam

Skill      XL: |  1  2  3 |
---------------+----------+-----
Stealth        | 5 |  5.2
Dodging        | 1 |  1.3
Short Blades   | 1 |  1.4
Fighting       | |  2.5
Maces & Flails | |  1.0
Throwing       | |  1.2
Shields        | |  1.0
Unarmed Combat | |  1.1

Action                   || total
-------------------------++-------
Melee: Dagger            ||    80
       Punch             ||     2
       Short sword       ||   135
       Tailslap          ||     2
Throw: Stone             ||    35
  Use: Scroll            ||     8
       Potion            ||     2
 Stab: Sleeping          ||     7
  Eat: Bread ration      ||     1
Armor: Robe              ||    22
Dodge: Dodged            ||    69
